AoeStats
← LisanAlGaib16

Arabia

509431738Analyzed
2v2 RM · 5d ago on Sep 26, 2026· 48m 16s· 4 players
Game mode
Random Map
Map size
Medium (4 player)
Population
200
Speed
Normal
Resources
Standard
Victory
Conquest
Starting age
Dark Age
Ending age
Imperial Age
RankedLock teamsTeams togetherTeam positionsShared explorationLock speedFull tech treeHidden civsTurbo modeCheats
Victory
Defeat
🇳🇱 Franks · Netherlands
992
+9
🇳🇱 Varangians · Netherlands
779
+17
🇧🇷 Spanish · Brazil
852
-24
🇺🇸 Vikings · United States
803
-12
LisanAlGaib16
7:17 Loom
10:14 Feudal Age
10:46 Double-Bit Axe
10:59 Horse Collar
20:19 Castle Age
18:44 Fletching
18:48 Gold Mining
21:27 Squires
21:35 Town Watch
22:31 Pikeman
24:52 Bow Saw
24:44 Heavy Plow
25:50 Forging
25:24 Crossbowman
27:15 Scale Mail Armor
28:10 Gold Shaft Mining
28:13 Forging
29:05 Stone Mining
29:13 Bodkin Arrow
31:06 Padded Archer Armor
38:20 Imperial Age
38:56 Iron Casting
39:16 Bracer
40:29 Ballistics
lucas
11:43 Feudal Age
13:00 Double-Bit Axe
13:45 Horse Collar
17:27 Gold Mining
20:55 Town Watch
26:13 Wheelbarrow
25:24 Loom
29:24 Castle Age
28:04 Forging
27:55 Scale Mail Armor
29:09 Arson
29:51 Bloodlines
30:56 Scale Barding Armor
30:45 Pikeman
31:26 Squires
31:46 Chain Mail Armor
32:06 Iron Casting
32:00 Bow Saw
32:42 Stone Mining
33:00 Husbandry
35:05 Chain Barding Armor
36:19 Hand Cart
36:04 Town Patrol
39:02 Iron Casting
43:59 Inquisition
eXo Leech
10:26 Loom
12:52 Feudal Age
12:55 Man-at-Arms
16:01 Scale Mail Armor
23:21 Castle Age
21:38 Padded Archer Armor
22:28 Forging
22:31 Double-Bit Axe
22:47 Horse Collar
28:02 Gambesons
29:50 Bow Saw
31:08 Wheelbarrow
31:00 Scale Barding Armor
30:50 Fletching
32:27 Chain Barding Armor
35:47 Ballistics
36:21 Bodkin Arrow
36:25 Long Swordsman
37:06 Squires
41:29 Vendel Legacy
43:37 Gold Mining
50:05 Imperial Age
BleakAftershock
9:55 Loom
11:43 Feudal Age
12:40 Double-Bit Axe
22:29 Castle Age
23:28 Elite Skirmisher
24:47 Bow Saw
24:45 Scale Mail Armor
24:48 Padded Archer Armor
26:05 Wheelbarrow
26:14 Gold Mining
29:24 Gold Shaft Mining
29:20 Leather Archer Armor
29:15 Forging
29:11 Scale Barding Armor
29:11 Husbandry
30:57 Loom
37:40 Imperial Age
39:27 Chivalry
39:58 Hand Cart
39:09 Cavalier
41:03 Paladin
46:28 Elite Throwing Axeman
Connection lost

Rejoining the realm…

Still unreachable

The connection could not be restored.

Session expired

The server has moved on; the page needs a fresh start.